 Dungeon Crawl Stone Soup version 0.25.1-2-g60ff931 (webtiles) character file.

Game seed: 7060677797648908628

181 Fang the Skirmisher (level 5, 0/34 HPs)
             Began as a Gargoyle Fighter on Aug 28, 2020.
             Was an Initiate of Trog.
             Killed from afar by Maggie (15 damage)
             ... with a bolt of fire
             ... on level 6 of the Dungeon.
             The game lasted 00:01:33 (2250 turns).

Fang the Skirmisher (Gargoyle Fighter)              Turns: 2250, Time: 00:01:34

Health: 0/34       AC: 11    Str: 20    XL:     5   Next: 61%
Magic:  5/5        EV:  7    Int:  9    God:    Trog [......]
Gold:   164        SH:  9    Dex:  9    Spells: 4/4 levels left

rFire    . . .     SeeInvis .   a - +0 war axe
rCold    . . .     Gourm    .   f - +0 kite shield
rNeg     + . .     Faith    .   b - +0 scale mail
rPois    ∞         Spirit   .   (no helmet)
rElec    +         Reflect  .   (no cloak)
rCorr    .         Harm     .   (no gloves)
MR       .....                  (no boots)
Stlth    ..........             n - amulet of regeneration
HPRegen  0.51/turn              (no ring)
MPRegen  0.09/turn              (no ring)

@: mighty, mesmerised
A: negative energy resistance 1, electricity resistance, unbreathing,
petrification resistance, rot immunity, AC +4
a: Renounce Religion


You were on level 6 of the Dungeon.
You worshipped Trog.
Trog was noncommittal.
You were hungry.

You visited 1 branch of the dungeon, and saw 4 of its levels.

You collected 164 gold pieces.

Inventory:

Hand Weapons
 a - a +0 war axe (weapon)
Armour
 b - a +0 scale mail (worn)
 f - a +0 kite shield (worn)
Jewellery
 n - an amulet of regeneration (around neck)
 p - an uncursed ring of protection from magic {unknown}
Scrolls
 i - 4 scrolls of identify {unknown}
 j - a scroll of teleportation {unknown}
 l - a scroll of fog {unknown}
 o - 2 scrolls of amnesia {unknown}
Potions
 d - 2 potions of might
 e - 3 potions of curing {unknown}
 g - a potion of mutation {unknown}
 k - a potion of lignification {unknown}
 m - a potion of heal wounds {unknown}
Comestibles
 c - 3 rations
 h - 4 chunks of flesh


   Skills:
 + Level 4.3 Fighting
 + Level 3.0 Axes
 + Level 4.3 Armour
 + Level 4.3 Shields


You had 4 spell levels left.
You didn't know any spells.
Your spell library was empty.

Dungeon Overview and Level Annotations

Branches:
Dungeon (3/15)

Altars:
Ashenzari
Elyvilon
Okawaru
Trog
Vehumet
Zin

Annotations:
D:6 Maggie


Innate Abilities, Weirdness & Mutations

You are resistant to torment.
Your stone body is resilient. (AC +4)
You are immune to poison.
You resist negative energy. (rN+)
You are resistant to electric shocks. (rElec)
You can survive without breathing.
You are immune to petrification.
You are immune to rotting.


Message History

You are too injured to fight recklessly!
You are too injured to fight recklessly!
You are too injured to fight recklessly!
You are too injured to fight recklessly!
You are too injured to fight recklessly!
You are too injured to fight recklessly!
You are too injured to fight recklessly!
You feel very mighty all of a sudden. Maggie hits you but does no damage.
The orc priest mumbles some strange prayers to Beogh against you.
Pain shoots through your body!
You barely miss Maggie.
Maggie is lightly wounded.
You hit the orc priest.
You kill the orc priest!
Trog accepts your kill.
Your Axes skill increases to level 3!
Maggie gestures at you while chanting. The bolt of fire hits you!
You die...

.. ... #.# ....
... ... ... ..
##. #.## .# ...
...##.# ...
#@)..##.#
#)@.#... #.#.#.#
...#...#
#..###..######
#... #...:....##
#.##.#.######..#
# ###. ....
##.### .#
..####.. .###
#...##.# .....
...#
#..#####.#..##.


You could see Maggie (mesmerising).

Vanquished Creatures
  2 orc priests (D:6)
  A worker ant (D:6)
  A hound skeleton (D:2)
  An adder (D:2)
  An ooze (D:3)
  3 worms (D:2)
  2 dart slugs
  3 leopard geckos
  3 orcs (D:6)
  A ball python (D:1)
  2 bats
  8 giant cockroaches
  3 goblins (D:1)
  7 hobgoblins
  4 jackals (D:2)
  3 frilled lizards
  3 kobolds (D:1)
  A quokka skeleton (D:3)
  7 rats
56 creatures vanquished.

Notes
Turn   | Place    | Note
-------+----------+-------------------------------------------
     0 | D:1      | Fang the Gargoyle Fighter began the quest for the Orb.
     0 | D:1      | Reached XP level 1. HP: 14/14 MP: 1/1
   341 | D:1      | Reached XP level 2. HP: 17/19 MP: 2/2
   537 | D:1      | Reached XP level 3. HP: 23/23 MP: 3/3
  1446 | D:2      | Reached XP level 4. HP: 29/29 MP: 4/4
  1640 | D:2      | Found a shattered altar of Ashenzari.
  1861 | D:2      | Found a white marble altar of Elyvilon.
  1862 | D:2      | Found an iron altar of Okawaru.
  1865 | D:2      | Found a bloodstained altar of Trog.
  1866 | D:2      | Found a glowing silver altar of Zin.
  1869 | D:2      | Became a worshipper of Trog the Wrathful
  2161 | D:3      | You fall into a shaft and drop 3 floors!
  2162 | D:6      | Found a radiant altar of Vehumet.
  2173 | D:6      | Reached XP level 5. HP: 22/33 MP: 5/5
  2241 | D:6      | Noticed Maggie
  2250 | D:6      | Killed from afar by Maggie

Illustrated notes

Levels and vault maps discovered:
D:1:      psy_arrival_conway, layout_loops_corners, minmay_statues_item,
          minmay_pentomino_p4
D:2:      layout_basic, lemuel_crystal_altar, minitemple
D:3:      minmay_chambers_of_twos, layout_basic, first_ration,
          okawaru_altar_gauntlet_db, uniq_ijyb
D:6:      layout_rooms, vehumet_crystals, uniq_maggie

Skill      XL: |  1  2  3  4  5 |
---------------+----------------+-----
Axes           | 2 3 |  3.0
Fighting       | 4 |  4.3
Armour         | 4 |  4.3
Shields        | 4 |  4.3

Action                   |  1- 3 |  4- 6 || total
-------------------------+-------+-------++-------
Melee: War axe           |    93 |    63 ||   156
  Use: Potion            |       |     1 ||     1
  Eat: Chunk             |     2 |     2 ||     4
Armor: Scale mail        |    45 |    31 ||    76
Dodge: Dodged            |    28 |    24 ||    52
Block: Kite shield       |    41 |    22 ||    63
